 Dungeon Sprint DCSS version 0.28-a0-932-g843f935a50 (webtiles) character file.

Game seed: 6284810232392685410

40775 mhtbhm the Cutthroat (level 14, -26/104 HPs)
             Began as a Gargoyle Fighter on Nov 27, 2021.
             Was an Initiate of Gozag.
             Killed from afar by an ice dragon (56 damage)
             ... with a blast of cold
             ... in the Dungeon (Sprint IX: "|||||||||||||||||||||||||||||").
             The game lasted 00:09:10 (4686 turns).

mhtbhm the Cutthroat (Gargoyle Fighter)             Turns: 4686, Time: 00:09:12

Health: -26/104    AC: 36    Str: 25    XL:     14   Next: 12%
Magic:  14/14      EV:  9    Int:  9    God:    Gozag
Gold:   11940      SH: 19    Dex: 12    Spells: 13/13 levels left

rFire   . . .      SeeInvis +   a - +7 captain's cutlass {speed, disarm}
rCold   . . .      Faith    .   c - +1 tower shield
rNeg    + . .      Spirit   .   b - +1 chain mail
rPois   ∞          Reflect  .   i - +0 helmet {SInv}
rElec   +          Harm     .   o - +0 cloak
rCorr   .          Rampage  .   u - +2 pair of gloves
Will    +....      NoTele   +   B - +1 pair of boots
Stlth   ++........              (no amulet)
HPRegen 0.27/turn               m - +3 ring of dexterity
MPRegen 0.14/turn               n - +2 ring of protection

@: gold aura, flying
A: sickness immunity, AC +10, big wings, negative energy resistance 1,
electricity resistance, torment resistance 1, petrification resistance
a: Renounce Religion, Potion Petition, Call Merchant, Bribe Branch


You were in the Dungeon.
You worshipped Gozag.
Gozag was extremely pleased with you.
You visited 1 branch You collected 14320 gold pieces.
You spent 427 gold pieces at shops.
You paid 1953 gold pieces to Gozag.

Inventory:

Hand Weapons
 a - the +7 captain's cutlass (weapon) {speed, disarm}
   (You found it in the Dungeon)

   Attacks with this weapon are significantly faster.
   It may disarm weapon-wielding foes when striking them, dealing extra damage
   in the process.
Missiles
 p - 3 throwing nets (quivered)
Armour
 b - a +1 chain mail (worn)
 c - a +1 tower shield (worn)
 i - a +0 helmet of see invisible (worn)
 o - a +0 cloak (worn)
 u - a +2 pair of gloves (worn)
 B - a +1 pair of boots (worn)
Jewellery
 m - a +3 ring of dexterity (left hand)
 n - a +2 ring of protection (right hand)
 r - a ring of ice
 y - a ring of protection from fire
 A - a ring of fire
Scrolls
 j - 2 scrolls of blinking
 k - 2 scrolls of amnesia
 q - 2 scrolls of enchant armour
 s - 10 scrolls of enchant weapon
 w - 2 scrolls of silence
 x - a scroll of torment
Potions
 e - 7 potions of curing
 f - 9 potions of heal wounds
 g - a potion of haste
 h - 4 potions of magic
 v - a potion of cancellation
 z - 2 potions of mutation
Miscellaneous
 d - a box of beasts


   Skills:
 + Level 18.8 Fighting
 * Level 22.4 Short Blades
 - Level 4.0 Maces & Flails
 + Level 15.6 Armour
 + Level 5.8 Dodging
 + Level 11.8 Stealth
 + Level 16.0 Shields
 + Level 4.0 Evocations


You had 13 spell levels left.
You didn't know any spells.
Your spell library was empty.

Dungeon Overview and Level Annotations

Branches:
Dungeon (1/1)

Altars:
Cheibriados
Dithmenos
Elyvilon
Fedhas
Gozag
Hepliaklqana
Kikubaaqudgha
Makhleb
Nemelex Xobeh
Okawaru
Qazlal
Ru
Sif Muna
Trog
Uskayaw
Vehumet
Wu Jian
Xom
Yredelemnul
Zin
The Shining One
Beogh
Jiyva
Lugonu

Shops:
D =(**


Innate Abilities, Weirdness & Mutations

You are immune to sickness and miasma.
Your stone body is resilient. (AC +10)
You are immune to poison.
Your large and strong wings let you fly.
You resist negative energy. (rN+)
You are resistant to electric shocks. (rElec)
You are resistant to unholy torment.
You are immune to petrification.


Message History

The blast of cold hits the vampire mage.
The vampire mage resists.
The blast of cold hits you!!
The great orb of eyes turns its gaze towards you.
You hear a deafening roar!
You see here 135 gold pieces.
You hit the vampire mage but do no damage.
The vampire mage is lightly damaged.
Unknown command.
You puncture the vampire mage!
The vampire mage is moderately damaged.
The great orb of eyes is no longer distracted by gold.
You block the vampire mage's attack.
The vampire mage bites you but does no damage.
The great orb of eyes is distracted by your dazzling golden aura.
Unknown command.
You closely miss the vampire mage.
The vampire mage is moderately damaged.
Unknown command.
The great orb of eyes turns its gaze towards you.
You hit the vampire mage.
The vampire mage is moderately damaged.
The rakshasa is no longer distracted by gold.
The vampire mage hits you but does no damage.
The vampire mage bites you but does no damage.
You hit the vampire mage.
The vampire mage is moderately damaged.
The vampire mage hits you!
* * * LOW HITPOINT WARNING * * *
You block the vampire mage's attack.
You puncture the vampire mage!
The vampire mage is heavily damaged.
You hit the vampire mage.
The vampire mage is heavily damaged.
The rakshasa is distracted by your dazzling golden aura.
The ice dragon breathes frost at you.
The blast of cold misses the vampire mage.
The blast of cold hits you!!!
Ouch! That really hurt!
You die...
Your body crumbles into a pile of gold.

▓.♣.♣.▓[▓.▓[▓.▓.
▓G▓.♣.♣.▓.▓.▓)▓.▓.
▓D▓.♣)♣.▓[▓.▓.▓.▓.
▓R▓.▓.▓.▓[▓.▓.▓.▓.
▓G▓.▓.▓.▓.▓.▓.▓.▓.
▓C▓.▓.▓.▓)▓.▓.▓.▓.
▓D▓.▓.▓.▓)▓.▓.▓.▓'
▓V▓.▓.▓.▓)▓.▓[▓.▓.
▓@▓.▓.▓.▓)▓.▓)▓.▓.
▓$▓.▓.▓.▓)▓.▓.▓.▓.
▓$▓.▓.▓.▓)▓.▓[▓.▓.
▓)▓.▓.▓.▓)▓.▓)▓.▓.
▓.▓.▓'▓.▓)▓.▓)▓.▓.
▓.▓.▓.▓.▓.▓.▓[▓.▓.
▓.▓.▓.▓.▓=▓.▓'▓.▓.
▓.▓.▓.▓.▓.▓.▓.▓.▓.
▓.▓.▓.▓.▓.▓.▓.▓.▓.


You could see 2 ice dragons, 2 great orbs of eyes, an ettin, a rakshasa
(unaware) and a vampire mage (invisible).

Vanquished Creatures
  A thorn hunter (D)
  A nagaraja (D)
  A frost giant (D)
  2 stone giants (D)
  Nessos (D)
  2 dire elephants (D)
  Snorg (D)
  2 eleionomae (D)
  A shambling mangrove (D)
  2 ettins (D)
  A fire dragon (D)
  2 merfolk impalers (D)
  A salamander tyrant (D)
  Harold (D)
  2 hydras (D)
  A death knight (D)
  A spriggan air mage (D)
  2 centaur warriors (D)
  A tengu warrior (D)
  An anaconda (D)
  A deep troll earth mage (D)
  A deep troll shaman (D)
  A goliath frog (D)
  A sea snake (D)
  A glowing orange brain (D)
  A spriggan druid (D)
  10 orc knights (D)
  A mana viper (D)
  2 ugly things (D)
  4 cyclopes (D)
  2 manticores (D)
  2 will-o-the-wisps (D)
  6 elephants (D)
  A guardian serpent (D)
  A naga mage (D)
  3 black mambas (D)
  3 cane toads (D)
  2 komodo dragons (D)
  2 demonic crawlers (D)
  2 jumping spiders (D)
  2 merfolk (D)
  A meliai (shapeshifter) (D)
  A wind drake (D)
  2 hornets (D)
  A blink frog (D)
  A snapping turtle (D)
  2 wraiths (D)
  2 redbacks (D)
  A basilisk (D)
  2 yaks (D)
  A yak (shapeshifter) (D)
  A tarantella (D)
  2 nagas (D)
  An acid dragon (D)
  5 water moccasins (D)
  An ice beast (D)
  13 orc warriors (D)
  3 bullfrogs (D)
  2 howler monkeys (D)
  3 orc priests (D)
  5 orc wizards (D)
  A dart slug (D)
  9 orcs (D)
  2 giant cockroaches (D)
  A quokka (D)
  A giant cockroach zombie (D)
  A goblin (D)
  A kobold (D)
  2 briar patches (D)
144 creatures vanquished.

Vanquished Creatures (others)
  A bloated husk (D)
  A hornet (D)
  4 briar patches (D)
  2 foxfires (D)
8 creatures vanquished.

Grand Total: 152 creatures vanquished

Notes
Turn   | Place    | Note
-------+----------+-------------------------------------------
     0 | D        | mhtbhm the Gargoyle Fighter began the quest for the Orb.
     0 | D        | Reached XP level 1. HP: 14/14 MP: 1/1
    13 | D        | Banished a spatial maelstrom
   224 | D        | Noticed an ice beast
   228 | D        | Killed an ice beast
   229 | D        | Reached skill level 5 in Shields
   229 | D        | Reached XP level 2. HP: 20/22 MP: 2/2
   229 | D        | Reached XP level 3. HP: 24/27 MP: 3/3
   229 | D        | Reached XP level 4. HP: 29/32 MP: 4/4
   326 | D        | Found a snail-covered altar of Cheibriados.
   326 | D        | Found a shadowy altar of Dithmenos.
   326 | D        | Found a white marble altar of Elyvilon.
   326 | D        | Found a blossoming altar of Fedhas.
   326 | D        | Found an opulent altar of Gozag.
   327 | D        | Found a hazy altar of Hepliaklqana.
   328 | D        | Found a viscous altar of Jiyva.
   329 | D        | Found an ancient bone altar of Kikubaaqudgha.
   330 | D        | Found a corrupted altar of Lugonu.
   331 | D        | Found a burning altar of Makhleb.
   332 | D        | Found a sparkling altar of Nemelex Xobeh.
   333 | D        | Found an iron altar of Okawaru.
   334 | D        | Found a stormy altar of Qazlal.
   335 | D        | Found a sacrificial altar of Ru.
   338 | D        | Became a worshipper of Gozag Ym Sagoz the Greedy
   341 | D        | Found a shimmering blue altar of Sif Muna.
   342 | D        | Found a bloodstained altar of Trog.
   343 | D        | Found a hide-covered altar of Uskayaw.
   344 | D        | Found a radiant altar of Vehumet.
   345 | D        | Found an ornate altar of the Wu Jian Council.
   346 | D        | Found a shimmering altar of Xom.
   347 | D        | Found a basalt altar of Yredelemnul.
   348 | D        | Found a glowing silver altar of Zin.
   349 | D        | Found a glowing golden altar of the Shining One.
   357 | D        | Found the +7 captain's cutlass {speed, disarm}
   410 | D        | Noticed a yak
   410 | D        | Noticed a wraith
   410 | D        | Noticed a wraith
   410 | D        | Noticed an acid dragon
   417 | D        | Killed an acid dragon
   418 | D        | Reached skill level 2 in Short Blades
   418 | D        | Reached XP level 5. HP: 34/39 MP: 5/5
   429 | D        | Killed a wraith
   430 | D        | Reached skill level 4 in Short Blades
   430 | D        | Reached XP level 6. HP: 28/46 MP: 6/6
   440 | D        | Killed a wraith
   441 | D        | Reached skill level 5 in Short Blades
   441 | D        | Reached skill level 1 in Stealth
   441 | D        | Reached XP level 7. HP: 32/51 MP: 7/7
   449 | D        | Killed a yak
   450 | D        | Reached skill level 10 in Fighting
   450 | D        | Reached skill level 6 in Short Blades
   559 | D        | Noticed a manticore
   559 | D        | Noticed a red ugly thing
   559 | D        | Noticed a five-headed hydra
   559 | D        | Noticed a centaur warrior
   559 | D        | Noticed a basilisk
   559 | D        | Noticed a green ugly thing
   567 | D        | Killed a green ugly thing
   568 | D        | Reached skill level 8 in Short Blades
   568 | D        | Reached skill level 10 in Armour
   568 | D        | Reached skill level 1 in Dodging
   568 | D        | Reached XP level 8. HP: 42/58 MP: 8/8
   577 | D        | Killed a centaur warrior
   578 | D        | Reached skill level 10 in Short Blades
   578 | D        | Reached skill level 5 in Stealth
   578 | D        | Reached XP level 9. HP: 61/64 MP: 9/9
   589 | D        | Killed a five-headed hydra
   590 | D        | Reached skill level 11 in Short Blades
   594 | D        | Killed a red ugly thing
   595 | D        | Reached skill level 12 in Short Blades
   595 | D        | Reached skill level 10 in Shields
   598 | D        | Killed a manticore
   780 | D        | Noticed a cane toad
   780 | D        | Noticed a komodo dragon
   783 | D        | Reached XP level 10. HP: 70/71 MP: 10/10
   812 | D        | Reached skill level 13 in Short Blades
   819 | D        | Killed a cane toad
   820 | D        | Reached skill level 1 in Evocations
  1041 | D        | Noticed a cane toad
  1041 | D        | Noticed a cane toad
  1041 | D        | Noticed a black mamba
  1041 | D        | Noticed a six-headed hydra
  1041 | D        | Noticed a black mamba
  1058 | D        | Killed a black mamba
  1059 | D        | Reached skill level 14 in Short Blades
  1071 | D        | Killed a six-headed hydra
  1079 | D        | Killed a black mamba
  1267 | D        | Killed a cane toad
  1268 | D        | Reached skill level 15 in Short Blades
  1280 | D        | Killed a cane toad
  1281 | D        | Reached XP level 11. HP: 68/76 MP: 11/11
  1337 | D        | Noticed a dire elephant
  1350 | D        | Noticed a dire elephant
  1368 | D        | Killed a dire elephant
  1369 | D        | Reached skill level 16 in Short Blades
  1392 | D        | Killed a dire elephant
  1398 | D        | Reached skill level 17 in Short Blades
  1731 | D        | Noticed an orc knight
  1738 | D        | Killed an orc knight
  1848 | D        | Noticed an orc knight
  1848 | D        | Noticed an orc knight
  1857 | D        | Killed an orc knight
  1866 | D        | Killed an orc knight
  1955 | D        | Found Ahynlut's Assorted Antiques.
  1955 | D        | Noticed an orc knight
  1955 | D        | Noticed an orc knight
  1955 | D        | Noticed an orc knight
  1963 | D        | Reached skill level 18 in Short Blades
  1966 | D        | Noticed an orc knight
  1971 | D        | Killed an orc knight
  1977 | D        | Killed an orc knight
  1978 | D        | Reached XP level 12. HP: 85/85 MP: 12/12
  1978 | D        | Found Kudutt's Assorted Antiques.
  1994 | D        | Found Ixusmef's Antique Weapon Boutique.
  2000 | D        | Found Cunodwo's Jewellery Shop.
  2444 | D        | Bought a pair of runed gloves for 240 gold pieces
  2446 | D        | Bought a puce potion for 23 gold pieces
  2446 | D        | Bought 2 scrolls labelled CIRYOC MOMAOMOMM for 52 gold
                  | pieces
  2446 | D        | Bought a scroll of identify for 52 gold pieces
  2450 | D        | Bought a scroll labelled INUCEI DOCW for 32 gold pieces
  2450 | D        | Bought a red potion for 28 gold pieces
  2658 | D        | Noticed a centaur warrior
  2658 | D        | Noticed a death knight
  2658 | D        | Noticed a fire dragon
  2726 | D        | Noticed a frost giant
  2738 | D        | Killed a fire dragon
  2739 | D        | Reached skill level 15 in Fighting
  2739 | D        | Reached skill level 19 in Short Blades
  2745 | D        | Killed a frost giant
  2752 | D        | Killed a death knight
  2756 | D        | Noticed a spriggan air mage
  2758 | D        | Noticed a deep troll earth mage
  2760 | D        | Killed a centaur warrior
  2761 | D        | Noticed a stone giant
  2769 | D        | Noticed a tengu warrior
  2770 | D        | Noticed an ettin
  2774 | D        | Killed a spriggan air mage
  2779 | D        | Killed a deep troll earth mage
  2792 | D        | Killed a stone giant
  2793 | D        | Reached skill level 20 in Short Blades
  2805 | D        | Killed a tengu warrior
  2806 | D        | Reached XP level 13. HP: 93/95 MP: 13/13
  2809 | D        | Killed an ettin
  2810 | D        | Reached skill level 10 in Stealth
  2900 | D        | Noticed Harold
  2909 | D        | Killed Harold
  3104 | D        | Noticed an eleionoma
  3104 | D        | Noticed an eleionoma
  3104 | D        | Noticed a shambling mangrove
  3111 | D        | Noticed a thorn hunter
  3116 | D        | Killed a shambling mangrove
  3117 | D        | Reached skill level 21 in Short Blades
  3121 | D        | Reached skill level 5 in Dodging
  3129 | D        | Killed an eleionoma
  3139 | D        | Killed an eleionoma
  3489 | D        | Killed a thorn hunter
  3818 | D        | Noticed a merfolk impaler
  3827 | D        | Noticed a merfolk impaler
  3831 | D        | Reached skill level 15 in Armour
  3834 | D        | Killed a merfolk impaler
  3878 | D        | Killed a merfolk impaler
  4102 | D        | Noticed a nagaraja
  4122 | D        | Killed a nagaraja
  4162 | D        | Reached skill level 15 in Shields
  4175 | D        | Reached skill level 22 in Short Blades
  4422 | D        | Noticed Snorg
  4423 | D        | Noticed Nessos
  4446 | D        | Killed Snorg
  4447 | D        | Gained mutation: Your large and strong wings let you fly.
                  | [Gargoyle growth]
  4447 | D        | Reached XP level 14. HP: 55/104 MP: 14/14
  4459 | D        | Killed Nessos
  4644 | D        | Noticed a stone giant
  4664 | D        | Killed a stone giant
  4686 | D        | Killed from afar by an ice dragon

Illustrated notes

Levels and vault maps discovered:
D:        linesprint [early_d, line_temple, items_1, d_10, items_2, lair_1,
          lair_end, items_3, orc_1, orc_end, items_4, d_15, swamp_1, shoals_1,
          snake_1, spider_1, d_20, vaults_1, items_5, swamp_end, shoals_end,
          snake_end, spider_end, vaults_end, d_27, items_6, zot_1, zot_end,
          crypt_end, forest_end, elf_end, slime_end, tomb_end, abyss_end,
          pan_hell_end]

Skill      XL: |  1  2  3  4  5  6  7  8  9 10 11 12 13 14 |
---------------+-------------------------------------------+-----
Fighting       | 6 7 9 10 11 12 14 16 18 | 18.8
Maces & Flails | 3 4 |  4.0
Armour         | 6 7 8 9 10 11 12 13 14 15 | 15.6
Shields        | 5 7 8 9 10 11 12 15 16 | 16.0
Short Blades   | 2 4 5 8 10 12 15 18 20 22 | 22.4
Stealth        | 1 3 5 6 7 9 11 | 11.8
Dodging        | 1 2 3 4 5 |  5.8
Evocations     | 1 2 4 |  4.0

Action                   |  1- 3 |  4- 6 |  7- 9 | 10-12 | 13-15 || total
-------------------------+-------+-------+-------+-------+-------++-------
Melee: Flail             |    24 |     9 |       |       |       ||    33
       Cutlass           |       |    26 |    43 |   412 |   328 ||   809
Invok: Potion Petition   |       |       |     1 |     2 |     1 ||     4
Evoke: Wand              |       |       |     2 |     7 |     1 ||    10
  Use: Potion            |     1 |     2 |     2 |     3 |     2 ||    10
       Scroll            |       |       |       |     3 |     1 ||     4
 Stab: Invisible         |       |     1 |     2 |     2 |     4 ||     9
       Distracted        |       |     1 |       |     5 |     2 ||     8
Armor: Scale mail        |     8 |     1 |       |       |       ||     9
       Chain mail        |       |    12 |    24 |    71 |   103 ||   210
Dodge: Dodged            |     6 |     9 |    13 |    60 |    53 ||   141
Block: Buckler           |     6 |     2 |     4 |    32 |       ||    44
       Tower shield      |       |       |       |    15 |   203 ||   218

Table legend: (Time is in decaauts)
 A = Elapsed time spent in this place.
 B = Non-inter-level travel time spent in this place.
 C = Inter-level travel time spent in this place.
 D = Time resting spent in this place.
 E = Time spent auto-exploring this place.
 F = Levels seen in this place.
 G = Mean time per level.
                   A        B        C        D        E       F      G
               +--------+--------+--------+--------+--------+-----+--------+
         Total |   4257 |   4257 |      0 |   2004 |    438 |   1 | 4257.0 |
       Dungeon |   4257 |   4257 |      0 |   2004 |    438 |   1 | 4257.0 |
               +--------+--------+--------+--------+--------+-----+--------+

Top non-repeatable levels by time:
       D: 4257 daAuts
